 Dungeon Crawl Stone Soup version 0.32-a0-43-g058985b245 (webtiles) character file.

Game seed: 11251979206059075662

27 grandjackal the Ducker (level 2, 0/23 HPs)
             Began as a Demonspawn Gladiator on Feb 4, 2024.
             Slain by a kobold
             ... wielding a +0 dagger
              (2 damage)
             ... on level 1 of the Dungeon.
             The game lasted 00:00:44 (340 turns).

grandjackal the Ducker (Demonspawn Gladiator)        Turns: 340, Time: 00:00:44

Health: 0/23       AC:  4    Str: 14    XL:     2   Next: 93%
Magic:  2/2        EV: 12    Int:  8    God:
Gold:   12         SH:  0    Dex: 14    Spells: 1/1 levels left

rFire   . . .        f - +2 dagger (drain)
rCold   . . .        (no shield)
rNeg    . . .        b - +0 leather armour
rPois   .            c - +0 helmet
rElec   .            (no cloak)
rCorr   .            (no gloves)
SInv    .            (no boots)
Will    .....        (no amulet)
Stlth   +            (no ring)
HPRegen 0.23/turn    (no ring)
MPRegen 0.08/turn

%: no passive effects
@: no status effects
A: foul stench 1
a: no special abilities


You were on level 1 of the Dungeon.
You visited 1 branch of the dungeon, and saw 1 of its levels.

You collected 12 gold pieces.

Inventory:

Hand Weapons
 a - a +0 long sword
 f - a +2 dagger of draining (weapon)
Missiles
 d - 3 throwing nets (quivered)
 e - a javelin
Armour
 b - a +0 leather armour (worn)
 c - a +0 helmet (worn)
Potions
 g - 2 potions of might {unknown}


   Skills:
 + Level 2.5 Fighting
 + Level 3.0 Long Blades
 - Level 2.0 Throwing
 - Level 3.0 Dodging


You had one spell level left.
You didn't know any spells.
Your spell library was empty.

Dungeon Overview and Level Annotations

Branches:
Dungeon (1/15)

Altars:


Innate Abilities, Weirdness & Mutations

You may rarely emit foul miasma when damaged in melee.


Message History

You hit the endoplasm.
The endoplasm is moderately wounded.
The jackal closely misses you.
You hit the endoplasm.
The endoplasm is severely wounded.
The jackal misses you. The endoplasm freezes you.
You are frozen.
The kobold closely misses you.
You barely miss the jackal. The jackal barely misses you.
The kobold hits you with a +0 dagger. The endoplasm freezes you.
You are frozen.
The jackal barely misses you.
You barely miss the jackal. The kobold hits you but does no damage.
The endoplasm hits you but does no damage.
The jackal bites you.
You hit the jackal.
The jackal is severely wounded.
The jackal bites you but does no damage.
The endoplasm freezes you.
You are frozen.
The kobold hits you but does no damage.
You hit the jackal.
The jackal is almost dead.
The jackal closely misses you. The kobold hits you but does no damage.
The endoplasm hits you. The jackal misses you.
You barely miss the jackal.
The jackal is almost dead.
The jackal barely misses you. The kobold hits you but does no damage.
The endoplasm freezes you.
You are frozen.
You closely miss the jackal.
The jackal is almost dead.
The jackal barely misses you. The kobold hits you with a +0 dagger.
* * * LOW HITPOINT WARNING * * *
The endoplasm freezes you.
You are frozen.
* * * LOW HITPOINT WARNING * * *
You closely miss the jackal.
The jackal is almost dead.
The jackal misses you. The kobold hits you with a +0 dagger.
You die...

#.# .... #... #..# #..#
#..# #.J########
#..@h......
#.##K######## .. (
#............ ...
#####.####### ..
#.#####.####### #. ...
#.............. #.
...############.#######
#. ........#######.# #.
................# #.


You could see an endoplasm, a jackal and a kobold.

Vanquished Creatures
  A gnoll (D:1)
  3 ball pythons (D:1)
  A bat (D:1)
  2 hobgoblins (D:1)
  4 jackals (D:1)
  2 quokkas (D:1)
  A rat (D:1)
14 creatures vanquished.

Notes
Turn   | Place    | Note
-------+----------+-------------------------------------------
     0 | D:1      | grandjackal the Demonspawn Gladiator began the quest for
                  | the Orb.
     0 | D:1      | Reached XP level 1. HP: 16/16 MP: 1/1
    90 | D:1      | Gained mutation: You may rarely emit foul miasma when
                  | damaged in melee. [demonic ancestry]
    90 | D:1      | Reached XP level 2. HP: 17/22 MP: 2/2
   339 | D:1      | HP: 1/23 [frozen (4)]
   340 | D:1      | Slain by a kobold

Illustrated notes

Levels and vault maps discovered:
D:1:      nicolae_arrival_memento_mori, layout_basic, nicolae_grassy_gnolls

Skill      XL: |  1  2 |
---------------+-------+-----
Throwing       | 2 |  2.0
Dodging        | 3 |  3.0
Long Blades    | 3 |  3.0
Fighting       | |  2.5

Action                     || total
---------------------------++-------
  Melee: Long sword        ||     7
         Dagger            ||    38
 Armour: Leather armour    ||    30
  Dodge: Dodged            ||    33

Table legend: (Time is in decaauts)
 A = Elapsed time spent in this place.
 B = Non-inter-level travel time spent in this place.
 C = Inter-level travel time spent in this place.
 D = Time resting spent in this place.
 E = Time spent auto-exploring this place.
 F = Levels seen in this place.
 G = Mean time per level.
                   A        B        C        D        E       F      G
               +--------+--------+--------+--------+--------+-----+--------+
         Total |    338 |    338 |      0 |     17 |    219 |   1 |  338.0 |
       Dungeon |    338 |    338 |      0 |     17 |    219 |   1 |  338.0 |
               +--------+--------+--------+--------+--------+-----+--------+

Top non-repeatable levels by time:
     D:1: 338 daAuts
